Cogmind - Beta 14 @@@ ROGUE MODE // 2024.12.03 @ 20:41:50 Player: UnderDoug Result: Destroyed by G-34 Mercenary with Small Laser Performance ------------- Evolutions (1) 500 Regions Visited (2) 400 Robots Destroyed (58) 290 Value Destroyed (1416) 1416 Prototype IDs (4) 80 Alien Tech Used (0) 0 Bonus (78) 78 TOTAL SCORE: 2764 Bonus ------- High Alert Combat Kills 78 Cogmind --------- Core Integrity 0/400 Matter 53/300 Energy 12/100 System Corruption 4% Temperature Cool (12) Movement Walking (260) Ox2 Location -9/Materials Parts ------- > --- POWER (1) -------- (None) > --- PROPULSION (4) --- Aluminum Leg > --- UTILITY (2) ------ Cooling System Large Storage Unit > --- WEAPON (2) ------- Hammer > --- INVENTORY (15) --- Light Ion Engine Aluminum Leg Large Storage Unit Light Assault Rifle Peak State ------------ > --- POWER ------------ Improved Ion Engine > --- PROPULSION ------- Aluminum Leg Aluminum Leg Aluminum Leg Aluminum Leg > --- UTILITY ---------- Improved Heat Sink Small Storage Unit > --- WEAPON ----------- Advanced Beam Cannon Hammer > --- INVENTORY -------- Light Ion Engine Aluminum Leg Aluminum Leg Aluminum Leg Aluminum Leg Heat Sink Large Storage Unit Mini Grenade Launcher [Rating: 14] Favorites ----------- Power Light Ion Engine Engine Light Ion Engine Propulsion Aluminum Leg Leg Aluminum Leg Utility Small Storage Unit Device Seismic Detector Storage Small Storage Unit Weapon Assault Rifle Energy Cannon Advanced Beam Cannon Ballistic Gun Assault Rifle Launcher Grenade Launcher Impact Weapon Hammer Build | -11 -10 -9 ------- Run | Yrd Mat Mat Slots Evolved 2 | . . 2 Power . | . . . Propulsion 2 | . . 2 Utility . | . . . Weapon . | . . . Parts Attached 61 | 7 15 39 Power 8 | 1 2 5 Engine 8 | 1 2 5 Core . | . . . Reactor . | . . . Propulsion 29 | 2 7 20 Treads . | . . . Leg 29 | 2 7 20 Wheel . | . . . Hover . | . . . Flight . | . . . Utility 9 | 2 2 5 Device 7 | 1 2 4 Storage 2 | 1 . 1 Processor . | . . . Hackware . | . . . Protection . | . . . Artifact . | . . . Weapon 15 | 2 4 9 Energy Gun . | . . . Energy Cannon 3 | . . 3 Ballistic Gun 7 | 2 3 2 Ballistic Cannon . | . . . Launcher 4 | . 1 3 Special Weapon . | . . . Impact Weapon 1 | . . 1 Slashing Weapon . | . . . Piercing Weapon . | . . . Special Melee Weapon . | . . . Unidentified Prototypes 2 | . . 2 Parts Lost 18 | . 3 15 Power 3 | . 1 2 Propulsion 7 | . . 7 Utility 4 | . 1 3 Weapon 4 | . 1 3 Highest Loss Streak 9 | . 1 9 To Critical Strikes . | . . . Average Slot Usage (%) 95 | . 93 96 Engine 10 | . 10 10 Leg 36 | . 27 42 Device 10 | . 12 9 Storage 12 | . 14 11 Energy Cannon 3 | . . 6 Ballistic Gun 11 | . 22 3 Launcher 2 | . 4 1 Impact Weapon 6 | . . 10 Peak Build Rating 14 | 7 9 14 Average Rating 9 | 6 7 10 On Entrance 5 | . 7 8 Naked Turns . | . . . Heaviest Build 28 | 13 14 28 Greatest Support 40 | 20 20 40 Greatest Overweight (x) 2 | 1 1 2 Average Overweight (x) . | . . . Largest Inventory Capacity 15 | 8 8 15 Average Capacity 8 | 7 8 8 Most Carried 8 | 6 8 8 Average Carried 7 | 5 7 7 Final Capacity 15 | 8 8 15 Final Carried 8 | 6 8 4 Class Distribution -------------------- 50% | Mutant 49% | Scavenger-Mutant Dominant Class ---------------- Mutant | -10/Materials Scavenger-Mutant | -9/Materials Resources | -11 -10 -9 ----------- Run | Yrd Mat Mat Matter Collected 1274 | 354 358 562 Remotely . | . . . Salvage Created 1800 | 155 497 1148 Parts 95 | 3 30 62 Haulers Intercepted 1 | . . 1 Recyclers Shooed 1 | . . 1 Parts Field Recycled . | . . . Retrieved Matter . | . . . Parts Self-Destructed . | . . . Prevented . | . . . Kills | -11 -10 -9 ------- Run | Yrd Mat Mat Combat Hostiles Destroyed 43 | . 11 32 Guns 20 | . 10 10 Cannons 11 | . . 11 AOE 11 | . 1 10 Classes Destroyed 10 | 3 3 4 Worker 2 | 1 . 1 Builder 1 | . . 1 Tunneler 2 | 2 . . Hauler 1 | . . 1 Recycler 5 | 1 1 3 Mechanic 1 | . . 1 Watcher 3 | . 2 1 Swarmer 14 | . 2 12 Grunt 22 | . 9 13 Sentry 7 | . . 7 Best Kill Streak 6 | 2 3 6 Combat Bots Only 4 | . 2 4 Max Kills in Single Turn 3 | 1 1 3 Gunslinging . | . . . Exploded 2 | . 1 2 Melee . | . . . Uniques/NPCs Destroyed . | . . . Combat | -11 -10 -9 -------- Run | Yrd Mat Mat Hostile Shots Fired 322 | . 84 238 Missed 90 | . 22 68 Damage Taken 2886 | . 814 2072 Core 583 | . 183 400 Absorbed by Shields . | . . . Regen/Repaired (Parts) 222 | . . 222 Core Remaining (%) 63 | 100 26 . Volleys Fired 206 | 14 64 128 Largest 2 | 2 2 2 Hottest 68 | 40 50 68 Shots Fired 254 | 28 95 131 Gun 166 | 28 93 45 Cannon 58 | . . 58 Launcher 30 | . 2 28 Special . | . . . Kinetic 166 | 28 93 45 Thermal 58 | . . 58 Explosive 30 | . 2 28 Electromagnetic . | . . . Robot Hit Streak 29 | 8 11 29 Robot Miss Streak 4 | 2 4 4 Penetration Max . | . . . Secondary Targets . | . . . Shots Hit Robots 174 | 20 64 90 Core Hits 87 | 5 29 53 Critical Kills 2 | . . 2 Critical Parts Destroyed 1 | . . 1 Critical Strikes 3 | . . 3 Meltdown 2 | . . 2 Destroy 1 | . . 1 Melee Attacks 2 | . . 2 Impact 2 | . . 2 Slashing . | . . . Piercing . | . . . Sneak Attacks 1 | . . 1 Combat Hostiles . | . . . Follow-up Attacks . | . . . Damage Inflicted 3584 | 249 805 2530 Guns 1410 | 249 700 461 Cannons 782 | . . 782 Explosions 1307 | . 105 1202 Melee 85 | . . 85 Ramming . | . . . Kinetic 1410 | 249 700 461 Thermal 870 | . . 870 Explosive 1219 | . 105 1114 Electromagnetic . | . . . Impact 85 | . . 85 Slashing . | . . . Piercing . | . . . Highest Corruption 4 | . . 4 Average Corruption 3 | . . 3 Corruption Purged . | . . . Corruption Blocked . | . . . Effects 27 | . . 27 Message Errors 3 | . . 3 Matter Fused 10 | . . 10 Heat Flow Errors 5 | . . 5 Energy Discharges 1 | . . 1 Data Loss (minor) 3 | . . 3 Misfires 1 | . . 1 Alerts 2 | . . 2 Weapon Failures 2 | . . 2 Overload Shots . | . . . Overflow Damage 42 | . . 42 Projectiles 12 | . . 12 Explosions 12 | . . 12 Melee 18 | . . 18 Knockbacks 1 | . . 1 Impact 1 | . . 1 Kinetic . | . . . Secondary . | . . . Self-Inflicted Damage 269 | . 24 245 Shots 9 | . 1 8 Rammed . | . . . Targets Rammed . | . . . Kicked . | . . . Crushed . | . . . Highest Temperature 266 | . 12 266 Average Temperature 51 | . 5 59 Received Heat Transfer 981 | . 354 627 Siege Activations . | . . . Robots Corrupted . | . . . Combat Hostiles . | . . . Parts Fried 1 | . . 1 Impact Corruptions 1 | . . 1 Robots Melted 2 | . . 2 Combat Hostiles 1 | . . 1 Parts Melted 2 | . . 2 Heat Transferred 1456 | . . 1456 Parts Sabotaged . | . . . Parts Stolen . | . . . Parts Stripped . | . . . Power Chain Reactions . | . . . Alert | -11 -10 -9 ------- Run | Yrd Mat Mat Peak Influence 739 | 15 253 739 Initial 31 | . 3 31 Average 193 | 9 107 310 Maximum Alert Level 3 | . 1 3 Low Security (%) 56 | 100 88 20 Level 1 29 | . 11 50 Level 2 14 | . . 28 Level 3 . | . . . Level 4 . | . . . Level 5 . | . . . High Security . | . . . Max Security . | . . . Squads Dispatched 6 | . 3 3 Investigation 3 | . 1 2 Extermination . | . . . Reinforcement 3 | . 2 1 Assault . | . . . Garrison . | . . . Intercept . | . . . Searches Triggered . | . . . Construction Impeded . | . . . Haulers Reinforced . | . . . Active Scanning Responses . | . . . Cargo Convoy Interrupts . | . . . Stealth | -11 -10 -9 --------- Run | Yrd Mat Mat Distress Signals 1 | . 1 . Communications Jammed . | . . . Distress Signals . | . . . Times Spotted 73 | . 19 54 Peak Tracking Total 6 | . 4 6 Tactical Retreats 6 | . 1 5 Traps | -11 -10 -9 ------- Run | Yrd Mat Mat Traps Triggered 3 | . 2 1 Indirectly . | . . . Trap Hack Attempts . | . . . Triggered . | . . . Disarmed 6 | . 6 . Reprogrammed . | . . . Reused . | . . . Traps Extracted . | . . . Installed . | . . . Triggered . | . . . Machines | -11 -10 -9 ---------- Run | Yrd Mat Mat Machines Disabled 6 | . 1 5 Max in Single Turn 2 | . 1 2 Machines Repaired . | . . . Machines Dismantled . | . . . Machines Sabotaged . | . . . Overloaded Fab Kills . | . . . Hacking | -11 -10 -9 --------- Run | Yrd Mat Mat Machines Accessed 13 | . 6 7 Terminals 7 | . 3 4 Fabricators . | . . . Repair Stations 3 | . 1 2 Recycling Units 3 | . 2 1 Scanalyzers . | . . . Garrison Access . | . . . Total Hacks 32 | . 12 20 Successful 20 | . 7 13 Failed 12 | . 5 7 Catastrophic 1 | . . 1 Database Lockouts . | . . . Manual . | . . . Terminals 17 | . 7 10 Fabricators . | . . . Repair Stations 11 | . 3 8 Recycling Units 4 | . 2 2 Scanalyzers . | . . . Garrison Access . | . . . Terminal Hacks 9 | . 4 5 Prototype ID Bank 1 | . . 1 Emergency Access Points 2 | . 2 . Alert Level 1 | . . 1 Locate Traps 3 | . 1 2 Disarm Traps 1 | . 1 . Maintenance Status 1 | . . 1 Fabricator Hacks . | . . . Repair Station Hacks 7 | . 1 6 Scan Component 4 | . 1 3 Repair 3 | . . 3 Recycling Unit Hacks 4 | . 2 2 Report Inventory 3 | . 2 1 Retrieve Components 1 | . . 1 Scanalyzer . | . . . Garrison Access Hacks . | . . . Unauthorized Hacks . | . . . Terminals . | . . . Fabricators . | . . . Repair Stations . | . . . Recycling Units . | . . . Scanalyzers . | . . . Garrison Access . | . . . Data Cores Recovered . | . . . Used . | . . . Hacking Detections 8 | . 2 6 Full Trace Events 4 | . 2 2 Feedback Events . | . . . Feedback Blocked . | . . . Robot Schematics Acquired . | . . . Robots Built . | . . . Authchips . | . . . Time . | . . . Total Robot Build Rating . | . . . Part Schematics Acquired . | . . . Parts Built . | . . . Authchips . | . . . Time . | . . . Total Part Build Rating . | . . . Parts Repaired 3 | . . 3 Time 78 | . . 78 Parts Recycled . | . . . Recycled Matter . | . . . Retrieved Matter . | . . . Retrieved Components 9 | . . 9 Parts Scanalyzed . | . . . Part Schematics Acquired . | . . . Parts Damaged . | . . . Bothacking | -11 -10 -9 ------------ Run | Yrd Mat Mat Used RIF Installer . | . . . Robots Hacked . | . . . Non-combat . | . . . Combat . | . . . Robot Hacks Applied . | . . . Relay Couplers Released . | . . . Fabnet Peak Effective % . | . . . Robots Rewired . | . . . Allies Hacked . | . . . Hacks Repelled . | . . . Allies | -11 -10 -9 -------- Run | Yrd Mat Mat Total Allies . | . . . Largest Group . | . . . Highest-Rated Group . | . . . Highest-Rated Ally . | . . . Total Orders . | . . . Ally Attacks . | . . . Total Damage . | . . . Kills . | . . . Allies Corrupted . | . . . Allies Melted . | . . . Intel | -11 -10 -9 ------- Run | Yrd Mat Mat Robot Analysis Total . | . . . Derelict Logs Recovered . | . . . Drone Launches . | . . . Drone Recoveries . | . . . Exploration | -11 -10 -9 ------------- Run | Yrd Mat Mat Turns Passed 2837 | 474 932 1431 Spaces Moved 1502 | 175 581 746 Core 6 | 6 . . Treads . | . . . Legs 1496 | 169 581 746 Wheels . | . . . Hover . | . . . Flight . | . . . Fastest Speed 50 | 50 120 120 Average Speed 120 | 118 120 121 Slowest Speed 260 | 120 190 260 Overloaded Moves . | . . . Propulsion Burnouts . | . . . Robots Hopped . | . . . Cave-ins Triggered . | . . . Exploration Rate (%) 59 | 13 96 69 Regions Visited 2 Branch Regions . Pre-discovered Areas . | . . . Known Exits Taken . | . . . Unknown Exits Taken 2 | 1 1 . Scrap Searched . | . . . Spaces Dug 7 | . . 7 Terrain Destroyed 213 | . 11 202 Melee . | . . . Projectile . | . . . AOE 213 | . 11 202 Terrain Rammed . | . . . Walls Destroyed . | . . . Machines Disabled . | . . . Actions | -11 -10 -9 --------- Run | Yrd Mat Mat Total 2272 | 410 728 1134 Wait 448 | 209 47 192 Move 1500 | 174 580 746 Hop . | . . . Pick Up 29 | 6 11 12 Fast Attach 18 | 7 4 7 Attach 13 | . 2 11 Detach 1 | . . 1 Swap 30 | . 9 21 Drop 25 | . 11 14 Fire 206 | 14 64 128 Melee 2 | . . 2 Ram . | . . . Kick . | . . . Crush . | . . . Escape Stasis . | . . . Rewire . | . . . Trap . | . . . Miscellaneous . | . . . Route ------- -11/Scrapyard -10/Materials (discovered 5 exits: *Mat x3 / [*Min x2]) -9/Materials (discovered 3 exits: [*Mat x2] / [*Min]) History --------- Turn | Location | Event 14 | -11/Scrapyard | Discovered new exit (range 14) 475 | -11/Scrapyard | Entered Materials 476 | -10/Materials | Build established: Mutant 820 | -10/Materials | Discovered new exit (range 12) 886 | -10/Materials | Discovered new exit (range 5) 971 | -10/Materials | Discovered new exit (range 16) 1225 | -10/Materials | Discovered new exit (range 10) 1255 | -10/Materials | Core integrity fell below 50% 1368 | -10/Materials | Discovered new exit (range 15) 1407 | -10/Materials | Entered another Materials area 1407 | -9/Materials | Evolved 2 slots: Propulsion x2 1678 | -9/Materials | Repaired Aluminum Leg 1702 | -9/Materials | Build established: Scavenger-Mutant 1999 | -9/Materials | Discovered new exit (range 11) 2246 | -9/Materials | Repaired Aluminum Leg 2273 | -9/Materials | Repaired Aluminum Leg 2445 | -9/Materials | Discovered new exit (range 7) 2655 | -9/Materials | Discovered new exit (range 8) 2727 | -9/Materials | Core integrity fell below 50% 2789 | -9/Materials | Core integrity fell below 20% 2838 | -9/Materials | Destroyed by G-34 Mercenary with Small Laser Last Messages --------------- Connecting with Terminal... >>Alert(Check) Current Alert Level: 2-X >>Traps(Locate) Found 10 traps in 2 arrays: 4x Shock Trap 6x Shock Trap Map updated. ALERT: Suspicious activity at Terminal M006. Dispatching Investigation squad. System corrupted: Heat flow error (+293). G-34 Mercenary destroyed. Matter Pump disabled. S-10 Pest destroyed. Rocket Launcher destroyed. Critical hit (Burn: +37). The unstable cave ceiling collapses. Aluminum Leg destroyed. Acquired 34 matter. Hadron Collector disabled. Map ----- +----------------------------------------------------+ | ???? ## # """ ""???????????????? | | ???? % """ ""???????????????? | | ???? ########???????????????? | | ???? # #???????????????? !## | | ????? ???# ##??????????????? | | ?????##???????# "#??????????????? | | ?????????????## #?????????????????? | | ?????????????#" "##?????????????????? | | ?????????????#" " #?????????????????? | | ?????????????#" " #?????????????????? | | ?????????????#" " #?????????????????? | | ?????????????#" * " #?????????????????? | | ?????????????##" #"####???????????????? | | ??????????????# =# "## ####????????????? | | ????????????##### # #### #????????????? | | ????????????# ##" #????????????# | | ????????????# #T #????????????# | | ????????????#""" # #" /= #????????????# | | ??###########""" # /= #????????????# | | ??# """T""" #""" !% # / #????????????# | | ??# #""" #*# ###/##########???????# | | ??# """ # ggg #??????# | | ??#! """ #""" ^ +??????# | | ??# """ #""" ^ T #??????? | | ??# ] ] #""" [ "" ^ #??????? | | ??# ] #"" @=="" ^ #??????? | | ??# # s "" """ #??????? | | ??#########+###### """ #??????? | | ???????# """?????????? | | ???????# < s """ ????????? | | ???????# """ a ?????????? | | ############ ## """ ##"T"###????????? | | # !# ## #?"""#??????????? | | # """ """ # ## #######?????????? | | # """ """ + ## """ # #?????????? | | # """ """ # ## """ # #?????????? | | # # ## """ # #?????????# | | # | [ + ## # [[[ #?????????# | | ??##+######## ### # [[[ #?????????# | | ???# ########+### """ # [[[ #?????????# | | ???# ## # """ # ???????????# | | ???# # # """ ##+############## | | ???# + """ """ # | | ???# # """ """ + ## | | ???# # """ """ # #? | | ???# # # #######+##########+### | | ???# # ## ##?????# ????# | | ???# # ## #??????# """??# | | ???# ############ #####??# """ ## """ | | ???# #???# ] # !!#??# """ ## """ | +----------------------------------------------------+ Best States ------------- Heat Dissipation 50 Energy Generation 12 Energy Capacity 265 Matter Stores 300 Matter Capacity 300 Sight Range 16 Terrain Scan Density 10 Evasion (%) 55 Item Schematics ----------------- None Robot Schematics ------------------ None Fabricated ------------ Nothing Alien Tech Used ----------------- None Achievements -------------- None Challenges ------------ None Game ------ Seed SegregatorGuidedRipteeth Manual? 0 Play Time 00:32:57 Cumulative 15.4 hours Start 2024.12.03 @ 19:37:54 End 2024.12.03 @ 20:41:50 Sessions 1 Manual Loads 0 Difficulty Rogue Special Mode None Game No. 24 Rogue 24 Adventurer 0 Explorer 0 Win Type - Total 0 Types 0/0/0/0/0/0/0/0/0 Lore% 7 Gallery% 18 Achievement% 17 Wizard Run 0 Options --------- Layout 1 ASCII 0 Keyboard 0 Movement Mouse Keybinds 0 Fullscreen 2 Font 24/Tamsyn Map View 50x35 Zoom Use 0% Tactical HUD 0 Map Filters NONE Filters NONE Steam 0 RUN: f305475e-5c00-4f22-82f8-022c037e8d93